 Dungeon Crawl Stone Soup version 0.27.1-33-g824d729ab1 (webtiles) character file.

Game seed: 12557606331422443664

7 comborobin the Skirmisher (level 2, 18/25 HPs)
             Began as a Djinni Fighter on Dec 27, 2021.
             Was a Follower of Nemelex Xobeh.
             Quit the game on level 1 of the Dungeon.
             The game lasted 00:00:24 (126 turns).

comborobin the Skirmisher (Djinni Fighter)           Turns: 126, Time: 00:00:24

Health: 18/25      AC:  6    Str: 15    XL:     2   Next: 5%
Gold:   0          EV:  6    Int:  9    God:    Nemelex Xobeh [*.....] SH:  8 Dex: 12

rFire    + + .     SeeInvis .     - Unarmed
rCold    x . .     Faith    .   b - +0 kite shield
rNeg     . . .     Spirit   .   a - +0 scale mail
rPois    ∞         Reflect  .   (no helmet)
rElec    .         Harm     .   (no cloak)
rCorr    .         Rampage  .   (no gloves)
Will     .....                  (boots unavailable)
Stlth    ..........             (no amulet)
HPRegen  0.08/turn              (no ring)
MPRegen  0.00/turn              (no ring)

@: flying
A: sickness immunity, fire resistance 2, cold vulnerability 1, float, innate
caster, hp casting, extra vitality 1
a: Renounce Religion, Draw Escape, Draw Destruction, Draw Summoning


You were on level 1 of the Dungeon.
You worshipped Nemelex Xobeh.
Nemelex Xobeh was aware of your devotion.
You visited 1 branch of the dungeon, and saw 1 of its levels.

Inventory:

Armour
 a - a +0 scale mail (worn)
 b - a +0 kite shield (worn)
Scrolls
 d - 2 scrolls of immolation
Potions
 c - a potion of might


   Skills:
 + Level 3.1 Fighting
 + Level 3.1 Armour
 + Level 3.1 Shields
 + Level 2.1 Unarmed Combat


You had one spell level left.
You didn't know any spells.
Your spell library was empty.

Dungeon Overview and Level Annotations

Branches:
Dungeon (1/15)

Altars:
Nemelex Xobeh


Innate Abilities, Weirdness & Mutations

You are immune to sickness and miasma.
You are immune to poison.
Your flesh is very heat resistant. (rF++)
You are vulnerable to cold. (rC-)
You float through the air rather than walking.
You learn spells naturally, not from books.
Your magical power is your life essence.
You have superior vitality. (+4 HP)


Message History

The bat closely misses you.
Things that are here:
13 gold pieces; a +0 club A bat is nearby!
Found 26 bolts.
The bat hits you but does no damage.
A bat is nearby!
Found a scroll of immolation.
The bat barely misses you. The bat closely misses you.
A bat is nearby!
The bat barely misses you.
A bat is nearby!
You hit the bat but do no damage.
The bat is severely wounded.
You block the bat's attack.
You hit the bat.
You kill the bat!
A goblin comes into view. It is wielding a +0 dagger.
A goblin is nearby!
The goblin shouts!
A goblin is nearby!
The goblin throws a stone.
The stone hits you but does no damage.
A goblin is nearby!
A rat comes into view.
The goblin hits you but does no damage.
The rat moves out of view.
You hit the goblin.
You kill the goblin!
You have reached level 2!
You see here a scroll of immolation.
d - a scroll of immolation A ball python comes into view.
The ball python hisses angrily.
There is a faded altar of an unknown god here.
You see here a scroll of immolation.
d - 2 scrolls of immolation (gained 1)
You cannot tell which god this altar belongs to.
Convert to them anyway?
Nemelex Xobeh accepts your prayer! Nemelex Xobeh welcomes you!
You can now draw from decks of power.
Nemelex will now gift you decks of power as you gain piety.
Are you sure you want to abandon this character and quit the game? (Confirm with "yes".)

#.###############
#..................####
#########.............#
###...#....#....#
#......#....#.#.#
#.#.##.......#..
#.#$##.##.....#
########.#.....#..#.#...
.......#.#.#.#..@S......
#####............#...#..
............†....# .....
..###...........#.......
.............(.#........
♣....#)#.#....#.+#..#...
P♣......................
.P♣♣...#####.####...###
....♣P.# #.# ....


You could see a ball python.

Vanquished Creatures
  A giant cockroach (D:1)
  2 goblins (D:1)
  A hobgoblin (D:1)
  A ball python (D:1)
  A bat (D:1)
6 creatures vanquished.

Notes
Turn   | Place    | Note
-------+----------+-------------------------------------------
     0 | D:1      | comborobin the Djinni Fighter began the quest for the Orb.
     0 | D:1      | Reached XP level 1. HP: 20/20 MP: 0/0
    98 | D:1      | Found a faded altar of an unknown god.
   109 | D:1      | Reached XP level 2. HP: 17/25 MP: 0/0
   125 | D:1      | Became a worshipper of Nemelex Xobeh the Trickster
   125 | D:1      | Reached * piety under Nemelex Xobeh
   126 | D:1      | Quit the game

Illustrated notes

Levels and vault maps discovered:
D:1:      lemuel_arrival_muddy, layout_loops_ring, serial_forest,
          infiniplex_forest_clump_diagonal, infiniplex_forest_clump_curved,
          infiniplex_forest_lined_corner, infiniplex_forest_pool,
          infiniplex_forest_clump_cross, infiniplex_forest_clump_small,
          infiniplex_forest_straight_3, infiniplex_forest_end_1,
          hellmonk_ecumenical_altar_blasted, minivault_19, hex_tiny

Action                   || total
-------------------------++-------
Melee: Unarmed           ||    27
Armor: Scale mail        ||    24
Dodge: Dodged            ||    15
Block: Kite shield       ||    13
